Map: [ESL] Goldenaura

Players

Stats

  • Race: Protoss Protoss
  • League: Master
  • Spawn Location: 5:00

NightMare - Winner!

  • Race: Protoss Protoss
  • League: Master
  • Spawn Location: 12:00

Event: IEM Katowice 2024

VOD

Have the link to the VOD?

Description

Time

  • Played on: Dec. 5, 2023, 5:27 a.m.
  • Length: 5:54

All games in this series

Show
View Real Time Build Order
Export as new Build Order

Stats Protoss 

Build Orders:  

Get SALT Encoding   

  12  0:00  Probe  
  13  0:12  Probe  
  14  0:17  Pylon  
  14  0:24  Probe (Chrono Boost)  
  15  0:36  Probe (Chrono Boost)  
  15  0:37  Gateway  
  16  0:44  Probe (Chrono Boost)  
  16  0:46  Assimilator  
  17  0:50  Probe  
  17  0:55  Assimilator  
  18  1:03  Probe (Chrono Boost)  
  19  1:08  Gateway  
  19  1:14  Probe (Chrono Boost)  
  20  1:18  Probe (Chrono Boost)  
  20  1:25  Cybernetics Core  
  21  1:29  Probe  
  22  1:35  Pylon  
  22  1:41  Probe  
  23  1:53  Probe  
  24  2:02  Stalker x2  
  24  2:03  Warp Gate  
  28  2:09  Probe  
  29  2:16  Pylon  
  29  2:26  Pylon  
  29  2:33  Adept  
  29  2:34  Adept  
  33  2:55  Nexus  
  33  2:57  Probe  
  34  3:03  Sentry x2  
  38  3:11  Pylon  
  38  3:13  Probe  
  39  3:24  Twilight Council  
  39  3:29  Probe  
  40  3:44  Probe  
  37  3:53  Sentry, Stalker  
  41  3:56  Probe (Chrono Boost)  
  41  3:58  Shield Battery  
  41  4:00  Blink (Chrono Boost)  
  40  4:09  Probe (Chrono Boost)  
  42  4:10  Probe (Chrono Boost)  
  42  4:17  Probe x2 (Chrono Boost)  
  44  4:22  Probe  
  44  4:24  Stalker x2, Probe  
  50  4:35  Probe  
  50  4:36  Probe  
  50  4:44  Nexus  
  48  4:53  Adept x2  
  49  5:05  Probe x2  
  46  5:16  Stalker x2  
  46  5:20  Probe  
  46  5:21  Probe  
  51  5:22  Gateway  
  51  5:25  Gateway  
  51  5:33  Probe x2  
  53  5:40  Stalker x2  
Show
View Real Time Build Order
Export as new Build Order

NightMare Protoss - Winner!

Build Orders:  

Get SALT Encoding   

  12  0:00  Probe  
  13  0:12  Probe  
  14  0:16  Pylon  
  14  0:24  Probe (Chrono Boost)  
  15  0:36  Probe (Chrono Boost)  
  15  0:37  Gateway  
  16  0:44  Probe (Chrono Boost)  
  16  0:46  Assimilator  
  17  0:50  Probe  
  18  0:57  Assimilator  
  18  1:03  Probe (Chrono Boost)  
  19  1:08  Gateway  
  20  1:12  Probe (Chrono Boost)  
  20  1:18  Probe  
  21  1:26  Cybernetics Core  
  21  1:32  Probe  
  22  1:38  Pylon  
  22  1:44  Probe  
  23  1:56  Probe  
  24  2:01  Warp Gate (Chrono Boost)  
  24  2:02  Sentry, Stalker  
  29  2:17  Pylon  
  28  2:24  Pylon  
  28  2:29  Stalker  
  30  2:35  Stalker  
  32  2:53  Nexus  
  32  2:59  Sentry  
  32  3:05  Sentry  
  36  3:08  Shield Battery  
  36  3:15  Probe  
  36  3:16  Pylon  
  37  3:27  Probe  
  37  3:32  Shield Battery  
  38  3:39  Probe  
  39  3:48  Stalker x2  
  39  3:51  Probe  
  44  4:00  Twilight Council  
  44  4:03  Probe  
  44  4:07  Probe  
  47  4:17  Probe (Chrono Boost)  
  47  4:19  Probe (Chrono Boost)  
  47  4:20  Adept x2  
  52  4:31  Probe (Chrono Boost)  
  52  4:33  Probe (Chrono Boost)  
  52  4:36  Probe (Chrono Boost)  
  53  4:39  Probe  
  53  4:42  Stalker  
  53  4:43  Stalker  
  58  4:47  Probe  
  55  4:59  Probe  
  54  5:07  Robotics Facility, Pylon  
  54  5:08  Probe  
  54  5:11  Probe  
  54  5:19  Nexus  
  54  5:23  Pylon  
  54  5:25  Stalker x2  
  54  5:28  Probe  
  59  5:30  Probe  
  60  5:38  Gateway  
  58  5:49  Stalker x2  

Tags
 
Add a new tag
Caveats
  • Supply blocks, unpowered buildings, or Contaminate may cause inaccurate times.
  • Supply counts are checked every 10 seconds.